 Dungeon Crawl Stone Soup version 0.22.1-2-g9c5b331 (webtiles) character file.

98 thomasnlv21 the Chopper (level 4, -1/61 HPs)
             Began as a Minotaur Berserker on Nov 19, 2018.
             Was a Believer of Trog.
             Slain by an adder (3 damage)
             ... on level 3 of the Dungeon.
             The game lasted 00:04:09 (2456 turns).

thomasnlv21 the Chopper (Minotaur Berserker)        Turns: 2456, Time: 00:04:09

Health: -1/61      AC:  9    Str: 28    XL:     4   Next: 44%
Magic:  3/3        EV:  9    Int:  4    God:    Trog [**....]
Gold:   69         SH:  0    Dex:  9    Spells: 3/3 levels left

rFire    . . .     SeeInvis .   a - +0 hand axe
rCold    . . .     Gourm    .   (no shield)
rNeg     . . .     Faith    .   h - +0 chain mail
rPois    .         Spirit   .   (helmet restricted)
rElec    .         Reflect  .   (no cloak)
rCorr    .         Harm     .   (no gloves)
MR       .....                  (no boots)
Stlth    ..........             (no amulet)
HPRegen  0.20/turn              (no ring)
MPRegen  0.08/turn              (no ring)

@: berserking, lethally poisoned (-1 -> -9), very quick
A: retaliatory headbutt, horns 2
a: Berserk, Trog's Hand, Renounce Religion


You were on level 3 of the Dungeon.
You worshipped Trog.
Trog was pleased with you.
You were hungry.

You visited 1 branch of the dungeon, and saw 3 of its levels.

You collected 69 gold pieces.

Inventory:

Hand Weapons
 a - a +0 hand axe (weapon)
Armour
 e - a +0 shield
 h - a +0 chain mail (worn)
Wands
 d - a wand of digging (14)
Scrolls
 b - 3 scrolls of remove curse
 f - 3 scrolls of fear {unknown}
Comestibles
 c - 3 rations


   Skills:
 + Level 4.3 Fighting
 + Level 4.3 Axes
 + Level 3.3 Armour
 + Level 3.0 Dodging
 + Level 1.8 Shields


You had 3 spell levels left.
You didn't know any spells.
Your spell library was empty.

Dungeon Overview and Level Annotations

Branches:
Dungeon (3/15)

Altars:
Kikubaaqudgha
Qazlal
Uskayaw
Wu Jian


Innate Abilities, Weirdness & Mutations

You reflexively headbutt those who attack you in melee.
You have a pair of horns on your head.


Message History

You closely miss the adder.
The adder is severely wounded.
* * * LOW HITPOINT WARNING * * *
You feel sick. The adder bites you.
* * * LOW HITPOINT WARNING * * *
The adder bites you but does no damage.
You closely miss the adder.
The adder is severely wounded.
* * * LOW HITPOINT WARNING * * *
You feel sick. The adder bites you.
* * * LOW HITPOINT WARNING * * *
You are more poisoned.
The adder poisons you!
You aren't carrying any potions.
A red film seems to cover your vision as you go berserk!
You feel yourself moving faster!
You feel mighty!
You are feeling hungry.
* * * LOW HITPOINT WARNING * * *
You feel sick. The adder bites you.
You die...

....# ....# ....##. ##
....##. .## ######
...###.## ..##.≈≈≈≈≈≈
.....#..# ###....≈≈#≈#≈
..[..##.####.......≈.≈≈≈
.........##..##........≈
.....#.........S@#
..........##...†.#
....##.........###
...###..........# ..##
#....####...# ### #.#..#
#...... #..#.... ##....#
#.####... ###.# .. .#.
.#


You could see an adder.

Vanquished Creatures
  A river rat (D:3)
  5 adders
  2 worms
  A dart slug (D:1)
  2 leopard geckos (D:2)
  5 bats
  5 goblins
  A hobgoblin (D:2)
  2 jackals (D:2)
  5 kobolds
  5 frilled lizards
  5 rats
39 creatures vanquished.

Notes
Turn   | Place    | Note
-------+----------+-------------------------------------------
     0 | D:1      | thomasnlv21 the Minotaur Berserker began the quest for the
                  | Orb.
     0 | D:1      | Reached XP level 1. HP: 19/19 MP: 0/0
   213 | D:1      | Reached XP level 2. HP: 26/27 MP: 1/1
   795 | D:2      | Found an ancient bone altar of Kikubaaqudgha.
   796 | D:2      | Found a hide-covered altar of Uskayaw.
   797 | D:2      | Found an ornate altar of the Wu Jian Council.
  1021 | D:2      | Reached skill level 1 in Shields
  1164 | D:2      | Found a stormy altar of Qazlal.
  1254 | D:2      | Reached XP level 3. HP: 32/33 MP: 2/2
  1345 | D:2      | Reached ** piety under Trog
  2429 | D:3      | Reached XP level 4. HP: 37/40 MP: 3/3
  2455 | D:3      | HP: 2/41 [adder (2)]
  2456 | D:3      | Slain by an adder

Skill      XL: |  1  2  3  4 |
---------------+-------------+-----
Shields        | 1 |  1.8
Fighting       | 4 |  4.3
Axes           | 4 |  4.3
Armour         | 3 |  3.3
Dodging        | 3 |  3.0

Action                   |  1- 3 |  4- 6 || total
-------------------------+-------+-------++-------
Melee: Hand axe          |    69 |    22 ||    91
       Headbutt          |     5 |     2 ||     7
Invok: Berserk           |       |     1 ||     1
  Use: Scroll            |     2 |       ||     2
       Potion            |     1 |       ||     1
  Eat: Chunk             |     5 |       ||     5
Armor: Animal skin       |     3 |       ||     3
       Leather armour    |     6 |       ||     6
       Chain mail        |     8 |    13 ||    21
Dodge: Dodged            |    61 |    18 ||    79
